| TOP OF THE 1ST |
|
Grand Junction Rockies batting - Pitching for Philadelphia (APP) Phillies : LHP Justin Harrison
|
|
Pitching: LHP Justin Harrison
|
|
|
Batting: RHB Gashie Chimsima
|
0-0: Ground out 3-1 (Groundball, 13, EV 91.9 MPH)
|
|
Batting: LHB Georges Lambert
|
0-0: Ball 1-0: Ball 2-0: Called Strike 2-1: Foul Ball, location: 2F 2-2: Strikes out swinging
|
|
Batting: RHB Dan Hoffman
|
0-0: Foul Ball, location: 2F 0-1: Ball 1-1: Foul Ball, location: 2F 1-2: Strikes out swinging
|
| Top of the 1st over - 0 runs, 0 hits, 0 errors, 0 left on base; Grand Junction 0 - Philadelphia (APP) 0 |
| BOTTOM OF THE 1ST |
|
Philadelphia (APP) Phillies batting - Pitching for Grand Junction Rockies : RHP Don Carriere
|
|
Pitching: RHP Don Carriere
|
|
|
Batting: RHB Dan Doggett
|
0-0: Ground out 3-1 (Groundball, 34, EV 98.8 MPH)
|
|
Batting: LHB Victor Estrada
|
0-0: Ball 1-0: Foul Ball, location: 2F 1-1: Ball 2-1: Ball 3-1: Base on Balls
|
|
Batting: SHB Sam Fredrick
|
0-0: Swinging Strike 0-1: Ball 1-1: Ball 2-1: Called Strike 2-2: Ball 3-2: Base on Balls Victor Estrada to second
|
|
Batting: RHB Nick Maxwell
|
0-0: Ball 1-0: Swinging Strike 1-1: Foul Ball, location: 2F 1-2: Foul Ball, location: 2F 1-2: Ball Passed Ball! Victor Estrada to third Sam Fredrick to second 2-2: Foul Ball, location: 2F 2-2: Ball 3-2: SINGLE (Line Drive, 9LS, EV 86.9 MPH) Victor Estrada scores Sam Fredrick to third
|
|
Batting: LHB Jessie Whedbee
|
0-0: Ball 1-0: Ball 2-0: Called Strike 2-1: Grounds into double play, 1-6-3 (Groundball, 13S, EV 65.0 MPH)
|
| Bottom of the 1st over - 1 run, 1 hit, 0 errors, 1 left on base; Grand Junction 0 - Philadelphia (APP) 1 |
| TOP OF THE 2ND |
|
Grand Junction Rockies batting - Pitching for Philadelphia (APP) Phillies : LHP Justin Harrison
|
|
Batting: RHB Edwin Bejarano
|
0-0: Ball 1-0: Fly out, F8 (Flyball, 8LXD, EV 106.9 MPH)
|
|
Batting: LHB Tom Bemis
|
0-0: Fly out, F8 (Flyball, 89M, EV 92.5 MPH)
|
|
Batting: SHB Rich McDonald
|
0-0: Called Strike 0-1: Called Strike 0-2: SINGLE (Groundball, 6MD, EV 95.6 MPH)
|
|
Batting: SHB J.D. Newman
|
0-0: Called Strike 0-1: Ball 1-1: Foul Ball, location: 2F 1-2: Reached on error, E4 (Groundball, 4, EV 85.6 MPH) Rich McDonald to second
|
|
Batting: RHB Xavier Williams
|
0-0: Ball 1-0: Called Strike 1-1: DOUBLE (Line Drive, 8RXD, EV 97.5 MPH) Rich McDonald scores J.D. Newman to third Runner from 3rd tries for Home, SAFE, throw by CF to home
|
|
Batting: RHB Tom Gentry
|
0-0: Fly out, F6 (Line Drive, 6, EV 75.0 MPH)
|
| Top of the 2nd over - 2 runs, 2 hits, 1 error, 1 left on base; Grand Junction 2 - Philadelphia (APP) 1 |
| BOTTOM OF THE 2ND |
|
Philadelphia (APP) Phillies batting - Pitching for Grand Junction Rockies : RHP Don Carriere
|
|
Batting: RHB Jose Hurtado
|
0-0: Ball 1-0: Fly out, F9 (Flyball, 9LD, EV 76.2 MPH)
|
|
Batting: RHB Mike Ryan
|
0-0: Called Strike 0-1: Ball 1-1: Swinging Strike 1-2: Foul Ball, location: 2F 1-2: Foul Ball, location: 2F 1-2: Ball 2-2: Ball 3-2: Foul Ball, location: 2F 3-2: Strikes out swinging
|
|
Batting: SHB Robert Chauvel
|
0-0: Called Strike 0-1: Ground out 5-3 (Groundball, 56S, EV 85.6 MPH)
|
| Bottom of the 2nd over - 0 runs, 0 hits, 0 errors, 0 left on base; Grand Junction 2 - Philadelphia (APP) 1 |
| TOP OF THE 3RD |
|
Grand Junction Rockies batting - Pitching for Philadelphia (APP) Phillies : LHP Justin Harrison
|
|
Batting: RHB Gashie Chimsima
|
0-0: TRIPLE (Line Drive, 89XD, EV 103.8 MPH)
|
|
Batting: LHB Georges Lambert
|
0-0: SINGLE (Groundball, 4D, EV 101.2 MPH) Gashie Chimsima scores
|
|
Batting: RHB Dan Hoffman
|
0-0: Ball 1-0: Ball 2-0: Ball 3-0: Called Strike 3-1: Swinging Strike Passed Ball! Georges Lambert to second 3-2: Base on Balls
|
|
Batting: RHB Edwin Bejarano
|
0-0: Ball Passed Ball! Georges Lambert to third Dan Hoffman to second 1-0: Called Strike 1-1: Ball 2-1: Called Strike 2-2: Ball 3-2: Base on Balls
|
|
Batting: LHB Tom Bemis
|
0-0: Fielders Choice at 2nd, 3-6 (Groundball, 3, EV 76.9 MPH) Georges Lambert scores Dan Hoffman to third
|
|
Batting: SHB Rich McDonald
|
0-0: Ball 1-0: Ball 2-0: Called Strike 2-1: Ball 3-1: Called Strike 3-2: Strikes out swinging
|
|
Batting: SHB J.D. Newman
|
0-0: Called Strike 0-1: Called Strike 0-2: Ball 1-2: Ball 2-2: Strikes out swinging
|
| Top of the 3rd over - 2 runs, 2 hits, 0 errors, 2 left on base; Grand Junction 4 - Philadelphia (APP) 1 |
| BOTTOM OF THE 3RD |
|
Philadelphia (APP) Phillies batting - Pitching for Grand Junction Rockies : RHP Don Carriere
|
|
Batting: RHB Rüdiger Stritter
|
0-0: Fly out, F8 (Flyball, 8LD, EV 95.0 MPH)
|
|
Batting: RHB Dan Doggett
|
0-0: SINGLE (Flyball, 8RS, EV 101.2 MPH)
|
|
Batting: LHB Victor Estrada
|
0-0: Ball 1-0: Foul Ball, location: 2F 1-1: SINGLE (Groundball, 56D, EV 103.8 MPH) Dan Doggett to second
|
|
Batting: SHB Sam Fredrick
|
0-0: Swinging Strike 0-1: Fielders Choice at 2nd, 4-6 (Groundball, 4, EV 107.5 MPH) Dan Doggett to third
|
|
Batting: RHB Nick Maxwell
|
0-0: Ball 1-0: Ball 2-0: Foul Ball, location: 2F 2-1: Foul Ball, location: 2F 2-2: Foul Ball, location: 2F 2-2: Ball 3-2: 3-RUN HOME RUN (Line Drive, 9D, EV 109.4 MPH), Distance : 390 ft
|
|
Batting: LHB Jessie Whedbee
|
0-0: Swinging Strike 0-1: Called Strike 0-2: Ball 1-2: Ball 2-2: Ball 3-2: Base on Balls
|
|
Batting: RHB Jose Hurtado
|
0-0: Fly out, F9 (Flyball, 9D, EV 88.8 MPH)
|
| Bottom of the 3rd over - 3 runs, 3 hits, 0 errors, 1 left on base; Grand Junction 4 - Philadelphia (APP) 4 |
| TOP OF THE 4TH |
|
Grand Junction Rockies batting - Pitching for Philadelphia (APP) Phillies : LHP Justin Harrison
|
|
Batting: RHB Xavier Williams
|
0-0: Called Strike 0-1: Ground out 4-3 (Groundball, 4, EV 85.0 MPH)
|
|
Batting: RHB Tom Gentry
|
0-0: Ball 1-0: Foul Ball, location: 2F 1-1: SOLO HOME RUN (Line Drive, 7LD, EV 96.2 MPH), Distance : 351 ft
|
|
Batting: RHB Gashie Chimsima
|
0-0: Ball 1-0: Foul Ball, location: 2F 1-1: Ball 2-1: Ball 3-1: Fly out, F4 (Line Drive, 4M, EV 74.4 MPH)
|
|
Batting: LHB Georges Lambert
|
0-0: Foul Ball, location: 2F 0-1: Called Strike 0-2: Ball 1-2: Foul Ball, location: 2F 1-2: Ball 2-2: SINGLE (Line Drive, 56, EV 95.6 MPH)
|
|
Batting: RHB Dan Hoffman
|
0-0: Called Strike 0-1: Called Strike 0-2: Fly out, F7 (Flyball, 7, EV 96.9 MPH)
|
| Top of the 4th over - 1 run, 2 hits, 0 errors, 1 left on base; Grand Junction 5 - Philadelphia (APP) 4 |
| BOTTOM OF THE 4TH |
|
Philadelphia (APP) Phillies batting - Pitching for Grand Junction Rockies : RHP Don Carriere
|
|
Batting: RHB Mike Ryan
|
0-0: Called Strike 0-1: Ball 1-1: Ball 2-1: SINGLE (Groundball, P, EV 84.4 MPH) (infield hit)
|
|
Batting: SHB Robert Chauvel
|
0-0: Called Strike 0-1: Foul Ball, location: 2F 0-2: Ball 1-2: DOUBLE (Line Drive, 9LD, EV 106.2 MPH) Mike Ryan to third
|
|
Batting: RHB Rüdiger Stritter
|
0-0: Called Strike 0-1: Swinging Strike 0-2: Strikes out swinging
|
|
Batting: RHB Dan Doggett
|
0-0: Called Strike 0-1: Called Strike 0-2: Ball 1-2: Foul Ball, location: 2F 1-2: Ball 2-2: Ball 3-2: Foul Ball, location: 2F 3-2: Foul Ball, location: 2F 3-2: Base on Balls
|
|
Batting: LHB Victor Estrada
|
0-0: Ball 1-0: Called Strike 1-1: Swinging Strike 1-2: Foul Ball, location: 2F 1-2: Strikes out swinging
|
|
Batting: SHB Sam Fredrick
|
0-0: Foul Ball, location: 2F 0-1: Swinging Strike 0-2: Foul Ball, location: 2F 0-2: Fly out, F6 (Popup, 6, EV 77.5 MPH)
|
| Bottom of the 4th over - 0 runs, 2 hits, 0 errors, 3 left on base; Grand Junction 5 - Philadelphia (APP) 4 |
| TOP OF THE 5TH |
|
Grand Junction Rockies batting - Pitching for Philadelphia (APP) Phillies : LHP Justin Harrison
|
|
Batting: RHB Edwin Bejarano
|
0-0: Ball 1-0: Ball 2-0: Ball 3-0: Called Strike 3-1: Swinging Strike 3-2: Foul Ball, location: 2F 3-2: Foul Ball, location: 2F 3-2: Base on Balls
|
|
Batting: LHB Tom Bemis
|
0-0: Called Strike Edwin Bejarano steals 2nd base 0-1: Ball 1-1: Ball Edwin Bejarano steals 3rd base 2-1: 2-RUN HOME RUN (Flyball, 89XD, EV 106.2 MPH), Distance : 425 ft
|
|
Batting: SHB Rich McDonald
|
0-0: Called Strike 0-1: Called Strike 0-2: Ball 1-2: Foul Ball, location: 2F 1-2: Ground out 5-3 (Groundball, 5, EV 90.6 MPH)
|
|
Batting: SHB J.D. Newman
|
0-0: Called Strike 0-1: Ball 1-1: Ball 2-1: SINGLE (Line Drive, 7S, EV 88.8 MPH)
|
|
Batting: RHB Xavier Williams
|
0-0: Called Strike 0-1: Fielders Choice at 2nd, 4-6 (Groundball, 4M, EV 105.0 MPH)
|
|
Batting: RHB Tom Gentry
|
0-0: 2-RUN HOME RUN (Flyball, 7D, EV 103.1 MPH), Distance : 393 ft
|
|
Pitching: LHP Marc Haigler
|
|
|
Batting: RHB Gashie Chimsima
|
0-0: Ball 1-0: Ball 2-0: Ball 3-0: Called Strike 3-1: Foul Ball, location: 2F 3-2: Base on Balls
|
|
Batting: LHB Georges Lambert
|
0-0: Ball 1-0: Ball 2-0: Ball 3-0: Base on Balls Gashie Chimsima to second
|
|
Batting: RHB Dan Hoffman
|
0-0: Foul Ball, location: 2F 0-1: Ball Passed Ball! Gashie Chimsima to third Georges Lambert to second 1-1: Ball 2-1: Ball Wild Pitch! Gashie Chimsima scores Georges Lambert to third 3-1: Base on Balls
|
|
Batting: RHB Edwin Bejarano
|
0-0: DOUBLE (Flyball, 8LXD, EV 101.9 MPH) Georges Lambert scores Dan Hoffman to third Runner from 3rd tries for Home, SAFE, throw by CF to home
|
|
Batting: LHB Tom Bemis
|
0-0: Ball 1-0: Ball 2-0: Fly out, F9 (Line Drive, 9, EV 101.9 MPH)
|
| Top of the 5th over - 7 runs, 4 hits, 0 errors, 1 left on base; Grand Junction 12 - Philadelphia (APP) 4 |
| BOTTOM OF THE 5TH |
|
Philadelphia (APP) Phillies batting - Pitching for Grand Junction Rockies : RHP Don Carriere
|
|
Batting: RHB Nick Maxwell
|
0-0: Ball 1-0: Swinging Strike 1-1: SOLO HOME RUN (Flyball, 89XD, EV 97.5 MPH), Distance : 389 ft
|
|
Pitching: RHP Diego Arredondo
|
|
|
Batting: LHB Jessie Whedbee
|
0-0: Called Strike 0-1: Ball 1-1: Foul Ball, location: 2F 1-2: Ball 2-2: Foul Ball, location: 2F 2-2: Ball 3-2: Base on Balls
|
|
Batting: RHB Jose Hurtado
|
0-0: Called Strike 0-1: Swinging Strike 0-2: Ball 1-2: Ball 2-2: Ball 3-2: Foul Ball, location: 2F 3-2: Strikes out swinging
|
|
Batting: RHB Mike Ryan
|
0-0: Ball 1-0: Ball 2-0: Called Strike 2-1: Fly out, F8 (Flyball, 8RD, EV 91.9 MPH)
|
|
Batting: SHB Robert Chauvel
|
0-0: Foul Ball, location: 2F 0-1: Ball 1-1: Ball 2-1: Swinging Strike 2-2: Strikes out swinging
|
| Bottom of the 5th over - 1 run, 1 hit, 0 errors, 1 left on base; Grand Junction 12 - Philadelphia (APP) 5 |
| TOP OF THE 6TH |
|
Grand Junction Rockies batting - Pitching for Philadelphia (APP) Phillies : LHP Marc Haigler
|
|
Batting: SHB Rich McDonald
|
0-0: Ball 1-0: Swinging Strike 1-1: Ball 2-1: Foul Ball, location: 2F 2-2: Ball 3-2: Base on Balls
|
|
Batting: SHB J.D. Newman
|
0-0: Foul Ball, location: 2F 0-1: Called Strike 0-2: Ball 1-2: Ball 2-2: Strikes out swinging
|
|
Batting: RHB Xavier Williams
|
0-0: Called Strike 0-1: Grounds into double play, 3-6-3 (Groundball, 3, EV 83.1 MPH)
|
| Top of the 6th over - 0 runs, 0 hits, 0 errors, 0 left on base; Grand Junction 12 - Philadelphia (APP) 5 |
| BOTTOM OF THE 6TH |
|
Philadelphia (APP) Phillies batting - Pitching for Grand Junction Rockies : RHP Diego Arredondo
|
|
Batting: RHB Rüdiger Stritter
|
0-0: Swinging Strike 0-1: Swinging Strike 0-2: Strikes out looking
|
|
Batting: RHB Dan Doggett
|
0-0: Foul Ball, location: 2F 0-1: Ball 1-1: Ball 2-1: Ground out 5-3 (Groundball, 5, EV 104.4 MPH)
|
|
Batting: LHB Victor Estrada
|
0-0: Called Strike 0-1: Ball 1-1: Ground out 4-3 (Groundball, 4S, EV 68.1 MPH)
|
| Bottom of the 6th over - 0 runs, 0 hits, 0 errors, 0 left on base; Grand Junction 12 - Philadelphia (APP) 5 |
| TOP OF THE 7TH |
|
Grand Junction Rockies batting - Pitching for Philadelphia (APP) Phillies : LHP Marc Haigler
|
|
Batting: RHB Tom Gentry
|
0-0: Ground out 3-1 (Groundball, 34S, EV 85.0 MPH)
|
|
Batting: RHB Gashie Chimsima
|
0-0: Foul Ball, location: 2F 0-1: Swinging Strike 0-2: Ball 1-2: Ball 2-2: Hit by Pitch
|
|
Pinch Runner at 1st Oscar Barahona:
|
|
|
Batting: LHB Georges Lambert
|
0-0: Ball 1-0: 2-RUN HOME RUN (Line Drive, 89XD, EV 99.4 MPH), Distance : 396 ft
|
|
Batting: RHB Dan Hoffman
|
0-0: Ball 1-0: Called Strike 1-1: Fly out, F7 (Flyball, 7, EV 86.2 MPH)
|
|
Batting: RHB Edwin Bejarano
|
0-0: Foul Ball, location: 2F 0-1: Swinging Strike 0-2: Ball 1-2: Ball 2-2: Ball 3-2: Base on Balls
|
|
Batting: LHB Tom Bemis
|
0-0: Ball 1-0: Called Strike 1-1: 2-RUN HOME RUN (Flyball, 89XD, EV 108.8 MPH), Distance : 408 ft
|
|
Pitching: RHP Franck Basset
|
|
|
Batting: SHB Rich McDonald
|
0-0: Ball 1-0: Fly out, F7 (Flyball, 78M, EV 90.0 MPH)
|
| Top of the 7th over - 4 runs, 2 hits, 0 errors, 0 left on base; Grand Junction 16 - Philadelphia (APP) 5 |
| BOTTOM OF THE 7TH |
|
Philadelphia (APP) Phillies batting - Pitching for Grand Junction Rockies : RHP Diego Arredondo
|
|
Now at SS: Edwin Bejarano
|
|
|
Now in LF: Oscar Barahona
|
|
|
Now in CF: Tom Gentry
|
|
|
Batting: SHB Sam Fredrick
|
0-0: DOUBLE (Flyball, 8LXD, EV 100.6 MPH)
|
|
Batting: RHB Nick Maxwell
|
0-0: Ball 1-0: Ball 2-0: Called Strike 2-1: Ball 3-1: Base on Balls
|
|
Batting: LHB Jessie Whedbee
|
0-0: Ball 1-0: Called Strike 1-1: Ball 2-1: Foul Ball, location: 2F 2-2: Strikes out swinging
|
|
Pitching: RHP Aaron O'Brien
|
|
|
Batting: RHB Jose Hurtado
|
0-0: Foul Ball, location: 2F 0-1: Swinging Strike 0-2: Fielders Choice at 2nd, 1-4 (Groundball, P, EV 71.2 MPH) Sam Fredrick to third
|
|
Batting: RHB Mike Ryan
|
0-0: Ball 1-0: Ball 2-0: Fielders Choice at 2nd, 6-4 (Groundball, 56, EV 78.1 MPH)
|
| Bottom of the 7th over - 0 runs, 1 hit, 0 errors, 2 left on base; Grand Junction 16 - Philadelphia (APP) 5 |
| TOP OF THE 8TH |
|
Grand Junction Rockies batting - Pitching for Philadelphia (APP) Phillies : RHP Franck Basset
|
|
Batting: SHB J.D. Newman
|
0-0: Foul Ball, location: 2F 0-1: Foul Ball, location: 2F 0-2: Ball 1-2: Foul Ball, location: 2F 1-2: Strikes out swinging
|
|
Batting: RHB Xavier Williams
|
0-0: Ball 1-0: Ball 2-0: Called Strike 2-1: Ground out 6-3 (Groundball, 6, EV 101.9 MPH)
|
|
Batting: RHB Tom Gentry
|
0-0: Foul Ball, location: 2F 0-1: Ball 1-1: Foul Ball, location: 2F 1-2: Hit by Pitch
|
|
Batting: SHB Oscar Barahona
|
0-0: Called Strike 0-1: Ball 1-1: Called Strike 1-2: Fielders Choice at 2nd, U6 (Groundball, 6M, EV 86.2 MPH)
|
| Top of the 8th over - 0 runs, 0 hits, 0 errors, 1 left on base; Grand Junction 16 - Philadelphia (APP) 5 |
| BOTTOM OF THE 8TH |
|
Philadelphia (APP) Phillies batting - Pitching for Grand Junction Rockies : RHP Aaron O'Brien
|
|
Batting: SHB Robert Chauvel
|
0-0: Foul Ball, location: 2F 0-1: DOUBLE (Line Drive, 8RD, EV 97.5 MPH)
|
|
Batting: RHB Rüdiger Stritter
|
0-0: Ball 1-0: Bunt missed! 1-1: Bunted foul 1-2: Bunt missed, Strikeout!
|
|
Batting: RHB Dan Doggett
|
0-0: Ball 1-0: Foul Ball, location: 2F 1-1: Called Strike 1-2: Ball 2-2: Ball 3-2: Base on Balls
|
|
Batting: LHB Victor Estrada
|
0-0: Swinging Strike 0-1: Ball 1-1: Foul Ball, location: 2F 1-2: Strikes out looking
|
|
Batting: SHB Sam Fredrick
|
0-0: Ball 1-0: Ball 2-0: Ball 3-0: Called Strike 3-1: Base on Balls Robert Chauvel to third Dan Doggett to second
|
|
Pitching: RHP Alex Covarrubias
|
|
|
Batting: RHB Nick Maxwell
|
0-0: Ball 1-0: Foul Ball, location: 2F 1-1: Ball 2-1: Ball 3-1: Called Strike 3-2: Base on Balls Robert Chauvel scores Dan Doggett to third Sam Fredrick to second
|
|
Batting: LHB Jessie Whedbee
|
0-0: Called Strike 0-1: Ball 1-1: Swinging Strike 1-2: Foul Ball, location: 2F 1-2: Ball 2-2: Ball 3-2: Foul Ball, location: 2F 3-2: GRAND SLAM HOME RUN (Flyball, 89XD, EV 103.1 MPH), Distance : 406 ft
|
|
Batting: RHB Jose Hurtado
|
0-0: Ball 1-0: Ball 2-0: Ball 3-0: Base on Balls
|
|
Pitching: RHP Ricardo Roman
|
|
|
Batting: RHB Mike Ryan
|
0-0: Ball 1-0: Called Strike 1-1: Ball 2-1: Ball 3-1: Called Strike 3-2: Strikes out looking
|
| Bottom of the 8th over - 5 runs, 2 hits, 0 errors, 1 left on base; Grand Junction 16 - Philadelphia (APP) 10 |
| TOP OF THE 9TH |
|
Grand Junction Rockies batting - Pitching for Philadelphia (APP) Phillies : RHP Franck Basset
|
|
Batting: LHB Georges Lambert
|
0-0: Called Strike 0-1: Foul Ball, location: 2F 0-2: Ball 1-2: SOLO HOME RUN (Flyball, 7D, EV 98.8 MPH), Distance : 382 ft
|
|
Batting: RHB Dan Hoffman
|
0-0: Called Strike 0-1: Ball 1-1: Called Strike 1-2: Ball 2-2: Foul Ball, location: 2F 2-2: Ball 3-2: Base on Balls
|
|
Batting: RHB Edwin Bejarano
|
0-0: 2-RUN HOME RUN (Flyball, 78XD, EV 110.6 MPH), Distance : 426 ft
|
|
Batting: LHB Tom Bemis
|
0-0: Ball 1-0: Ball 2-0: Ball 3-0: Base on Balls
|
|
Batting: SHB Rich McDonald
|
0-0: Ball Passed Ball! Tom Bemis to second 1-0: Ball 2-0: Called Strike 2-1: SINGLE (Groundball, 4MD, EV 99.4 MPH) Tom Bemis to third Throwing error, E8 Tom Bemis scores Rich McDonald to second
|
|
Pitching: RHP Takuzo Sato
|
|
|
Batting: SHB J.D. Newman
|
0-0: Ball 1-0: Called Strike 1-1: Ball Wild Pitch! Rich McDonald to third 2-1: Ball 3-1: Called Strike 3-2: Base on Balls
|
|
Batting: RHB Xavier Williams
|
0-0: Ball 1-0: SINGLE (Groundball, 34D, EV 105.6 MPH) Rich McDonald scores J.D. Newman to second Runner from 2nd tries for 3rd, SAFE, throw by RF made to third
|
|
Batting: RHB Tom Gentry
|
0-0: Ball Passed Ball! J.D. Newman scores Xavier Williams to second 1-0: Ball 2-0: Called Strike 2-1: Swinging Strike 2-2: Ball 3-2: Strikes out swinging
|
|
Batting: SHB Oscar Barahona
|
0-0: Ball 1-0: Foul Ball, location: 2F 1-1: Foul Ball, location: 2F 1-2: Ball 2-2: Ball Wild Pitch! Xavier Williams to third 3-2: Fly out, F8 (Flyball, 8LD, EV 96.9 MPH) Runner from 3rd tags up, OUT at HOME! 8-2
|
| Top of the 9th over - 6 runs, 4 hits, 1 error, 0 left on base; Grand Junction 22 - Philadelphia (APP) 10 |
| BOTTOM OF THE 9TH |
|
Philadelphia (APP) Phillies batting - Pitching for Grand Junction Rockies : RHP Ricardo Roman
|
|
Batting: SHB Robert Chauvel
|
0-0: Ground out U3 (Groundball, 34, EV 102.5 MPH)
|
|
Batting: RHB Rüdiger Stritter
|
0-0: Ball 1-0: Foul Ball, location: 2F 1-1: Ball 2-1: Called Strike 2-2: Strikes out swinging
|
|
Batting: RHB Dan Doggett
|
0-0: Ball 1-0: Ball 2-0: Ball 3-0: Base on Balls
|
|
Batting: LHB Victor Estrada
|
0-0: Ball 1-0: Ball 2-0: Ball 3-0: Base on Balls Dan Doggett to second
|
|
Pitching: RHP David Landa
|
|
|
Batting: SHB Sam Fredrick
|
0-0: Ball 1-0: Ball 2-0: Ball 3-0: Called Strike 3-1: Foul Ball, location: 2F 3-2: Base on Balls Dan Doggett to third Victor Estrada to second
|
|
Batting: RHB Nick Maxwell
|
0-0: Ball 1-0: Ball 2-0: Foul Ball, location: 2F 2-1: Foul Ball, location: 2F 2-2: Strikes out swinging
|
| Bottom of the 9th over - 0 runs, 0 hits, 0 errors, 3 left on base; Grand Junction 22 - Philadelphia (APP) 10 |
|